[Event "Titled Tuesday Blitz May 03 Early 2022"]
[White "Prestia, Paris"]
[Black "Bashirli, Saadat"]
[WhiteFideId "30925959"]
[BlackFideId "13429990"]
[WhiteElo "2561"]
[BlackElo "1173"]
[Result "1-0"]
[Round "01"]
[TimeControl "180+1"]
[Date "2022.05.03"]
[WhiteClock "0:00:10"]
[BlackClock "0:00:03"]

1. d4 d5 2. c4 e6 3. Nc3 c6 4. e4 dxe4 5. Nxe4 Nf6 6. Nxf6+ Qxf6 7. Nf3 Bb4+ 8. Bd2 Bxd2+ 9. Qxd2 O-O 10. Be2 Nd7 11. O-O b6 12. Qe3 Bb7 13. Rad1 Rfe8 14. Rfe1 Rad8 15. Qa3 a5 16. b4 axb4 17. Qxb4 c5 18. dxc5 Bxf3 19. Bxf3 bxc5 20. Qb5 Ne5 21. Be4 Qe7 22. f4 Ng4 23. h3 Nf6 24. Bf3 Qc7 25. Rxd8 Rxd8 26. a4 Rd2 27. a5 Ra2 28. a6 Qa7 29. Bb7 h6 30. Rd1 Qb8 31. Qb6 Qxf4 32. a7 Qf2+ 33. Kh1 Nd5 34. a8=Q+ Rxa8 35. cxd5 Ra2 36. dxe6 fxe6 37. Qxe6+ Kh7 38. Be4+ 1-0


[Site "https://www.chess.com"]

[Event "Titled Tuesday Blitz May 03 Early 2022"]
[White "Priyanka, K"]
[Black "Hansch, Karsten"]
[WhiteFideId "5082986"]
[BlackFideId "24692239"]
[WhiteElo "1905"]
[BlackElo "2358"]
[Result "1/2-1/2"]
[Round "01"]
[TimeControl "180+1"]
[Date "2022.05.03"]
[WhiteClock "0:00:09"]
[BlackClock "0:01:58"]

1. e4 c6 2. Nf3 d5 3. Nc3 dxe4 4. Nxe4 Nf6 5. Qe2 Nxe4 6. Qxe4 Qd5 7. Qh4 Qf5 8. Bd3 Qg4 9. Qg3 Qxg3 10. hxg3 h6 11. b3 Nd7 12. Bb2 e6 13. O-O-O Nf6 14. Ne5 Bd6 15. Nc4 Be7 16. Be2 Bd7 17. g4 O-O-O 18. Ne5 Rdf8 19. g5 hxg5 20. Rxh8 Rxh8 21. Nxf7 Rh2 22. Bf1 Ne4 23. f3 Ng3 24. Be5 Nxf1 25. Bxh2 Nxh2 26. Rh1 Be8 27. Ne5 Bd6 28. d4 c5 29. c3 cxd4 30. cxd4 Bxe5 31. dxe5 Nxf3 32. gxf3 Bc6 33. Rg1 Bxf3 34. Rxg5 Kd7 35. Rxg7+ Kc6 36. Kd2 Kc5 37. Ke3 Bd5 38. Kd3 a5 39. Kc3 b5 40. a3 b4+ 41. axb4+ axb4+ 42. Kc2 Kd4 43. Rg4+ Kc5 44. Kb2 Kb5 45. Kc2 Kc5 46. Rg3 Kd4 47. Rg5 Be4+ 48. Kd2 Bd5 49. Kc2 Kc5 50. Rg8 Kd4 51. Rb8 Kc5 52. Kb2 Be4 53. Kc1 Bd5 54. Kc2 Be4+ 55. Kd2 Bd5 56. Kc2 Be4+ 57. Kb2 Bd5 58. Rc8+ Kd4 59. Rb8 Kc5 60. Kc2 1/2-1/2


[Site "https://www.chess.com"]

[Event "Titled Tuesday Blitz May 03 Early 2022"]
[White "Rabineau, Clement"]
[Black "Wagner, Dennis"]
[WhiteFideId "628891"]
[BlackFideId "24650684"]
[WhiteElo "2449"]
[BlackElo "2786"]
[Result "0-1"]
[Round "01"]
[TimeControl "180+1"]
[Date "2022.05.03"]
[WhiteClock "0:00:02"]
[BlackClock "0:00:26"]

1. e4 c5 2. c3 Nf6 3. e5 Nd5 4. Bc4 Nb6 5. Bb3 d5 6. exd6 Qxd6 7. d4 cxd4 8. cxd4 Nc6 9. Nf3 Be6 10. O-O Bxb3 11. Qxb3 e6 12. Nc3 Be7 13. Rd1 O-O 14. Be3 Rfd8 15. Ne5 Rac8 16. Rac1 Qb4 17. Nxc6 Rxc6 18. d5 Qxb3 19. axb3 Nxd5 20. Bxa7 Rdc8 21. Bd4 Bf6 22. Bxf6 gxf6 23. Ne2 Rc2 24. Kf1 Kg7 25. Rxc2 Rxc2 26. Rb1 f5 27. Nd4 Rd2 28. Nf3 Rd3 29. Ke2 Rxb3 30. Nd2 Rb4 31. g3 Kf6 32. Kd3 h5 33. h3 h4 34. Nf1 Rb3+ 35. Ke2 Nc3+ 0-1


[Site "https://www.chess.com"]

[Event "Titled Tuesday Blitz May 03 Early 2022"]
[White "Redor, Menandro"]
[Black "Janaszak, Dawid"]
[WhiteFideId "5222010"]
[BlackFideId "1119206"]
[WhiteElo "1986"]
[BlackElo "2199"]
[Result "0-1"]
[Round "01"]
[TimeControl "180+1"]
[Date "2022.05.03"]
[WhiteClock "0:00:14"]
[BlackClock "0:01:13"]

1. c3 Nf6 2. d4 g6 3. Bg5 Bg7 4. Bxf6 Bxf6 5. h4 h5 6. e4 c5 7. e5 Bg7 8. Bc4 d5 9. Bd3 cxd4 10. cxd4 Nc6 11. Nf3 Bg4 12. Nc3 Nxd4 13. Qa4+ Nc6 14. e6 Bxf3 15. exf7+ Kxf7 16. gxf3 Ne5 17. Be2 e6 18. Rg1 Qf6 19. f4 Nc6 20. Kd2 Qd4+ 21. Qxd4 Bxd4 22. Bd3 Rhg8 23. Rg2 Bf6 24. Rag1 Ne7 25. Rh1 Nf5 26. Bxf5 gxf5 27. Rg3 Rg4 28. Rxg4 fxg4 29. f3 g3 30. Rg1 Bxh4 31. Ne2 Rg8 32. b3 g2 33. Ke3 Bd8 34. Nd4 Bb6 35. b4 h4 36. a4 h3 37. a5 Bxd4+ 38. Kd3 Bxg1 0-1


[Site "https://www.chess.com"]

[Event "Titled Tuesday Blitz May 03 Early 2022"]
[White "Rengifo Blancas, Renzo Jhonathan"]
[Black "Vignesh, N R"]
[WhiteFideId "3807185"]
[BlackFideId "25012215"]
[WhiteElo "2058"]
[BlackElo "2363"]
[Result "0-1"]
[Round "01"]
[TimeControl "180+1"]
[Date "2022.05.03"]
[WhiteClock "0:00:38"]
[BlackClock "0:01:25"]

1. d4 Nf6 2. c4 c5 3. d5 e6 4. Nc3 exd5 5. cxd5 d6 6. Nf3 g6 7. g3 Bg7 8. Bg2 O-O 9. Nd2 Re8 10. O-O Nh5 11. Nc4 a6 12. a4 b6 13. Qc2 Ra7 14. b3 Rae7 15. e4 b5 16. axb5 axb5 17. Ra8 Bb7 18. Rxb8 Qxb8 19. Nxb5 Rd7 20. Nc3 Ba6 21. Bd2 Rb7 22. Na5 Bxf1 23. Bxf1 Rb6 24. Nc6 Qb7 25. Na4 Rxc6 26. dxc6 Qxc6 27. f3 d5 28. Qxc5 Qxc5+ 29. Nxc5 Bd4+ 30. Kg2 Bxc5 31. exd5 Nf6 32. Bc4 Nxd5 0-1


[Site "https://www.chess.com"]

[Event "Titled Tuesday Blitz May 03 Early 2022"]
[White "Reprintsev, Alexander"]
[Black "Murthy, Pappu"]
[WhiteFideId "14100541"]
[BlackFideId "2013401"]
[WhiteElo "2108"]
[BlackElo "2036"]
[Result "1-0"]
[Round "01"]
[TimeControl "180+1"]
[Date "2022.05.03"]
[WhiteClock "0:00:24"]
[BlackClock "0:00:12"]

1. e4 e6 2. Qe2 c5 3. b3 Nc6 4. Bb2 Nf6 5. e5 Nd5 6. Nf3 Be7 7. g3 b6 8. c4 Ndb4 9. d3 Bb7 10. a3 Na6 11. Bg2 O-O 12. O-O f6 13. d4 cxd4 14. b4 Nc7 15. Nxd4 f5 16. f4 Qc8 17. Rd1 Rd8 18. Nc3 a5 19. Nxc6 Bxc6 20. Bxc6 dxc6 21. Rxd8+ Qxd8 22. Rd1 Qe8 23. Qe3 axb4 24. axb4 Rb8 25. Qd4 Bxb4 26. Qd7 Bc5+ 27. Kg2 Na6 28. Na4 Kf8 29. h4 Bb4 30. Qa7 Nc5 31. Nxc5 Bxc5 32. Rd7 b5 33. Qc7 bxc4 34. Bc3 Ra8 35. Qxc6 Be3 36. Kf3 Bc1 37. Bb4+ Kg8 38. Qc7 Qh5+ 39. Kf2 Ra2+ 40. Bd2 Rxd2+ 41. Rxd2 Bxd2 42. Qd8+ Kf7 43. Qd7+ Kg6 44. Qxe6# 1-0


[Site "https://www.chess.com"]

[Event "Titled Tuesday Blitz May 03 Early 2022"]
[White "Richter, Nils"]
[Black "Kejzar, Petra"]
[WhiteFideId "12990809"]
[BlackFideId "14610213"]
[WhiteElo "2243"]
[BlackElo "2003"]
[Result "1-0"]
[Round "01"]
[TimeControl "180+1"]
[Date "2022.05.03"]
[WhiteClock "0:00:20"]
[BlackClock "0:00:02"]

1. e4 c5 2. Nf3 d6 3. d4 cxd4 4. Nxd4 Nf6 5. Nc3 a6 6. g3 e5 7. Nde2 Be7 8. Bg2 O-O 9. O-O Be6 10. a4 Nc6 11. Bg5 Nd7 12. Be3 Kh8 13. Nd5 f5 14. exf5 Bxf5 15. Nec3 Bg5 16. Bxg5 Qxg5 17. Nc7 Rad8 18. Qxd6 Nf6 19. Qc5 Bxc2 20. Ne6 Qh5 21. Nxf8 Nd4 22. Qe7 Re8 23. Qd6 Nf5 24. Qd2 Bb3 25. Nd7 Ng4 26. h3 Ngh6 27. g4 Nxg4 28. hxg4 Qxg4 29. Rae1 Bc4 30. Nxe5 Rxe5 31. Qd8+ Bg8 32. Rxe5 Nh4 33. Qxh4 Qxh4 34. Rfe1 h6 35. Re8 Kh7 36. Be4+ g6 37. Re7+ Kh8 38. Bg2 Qg5 39. Rxb7 h5 40. Rb8 h4 41. Ree8 h3 42. Rxg8+ Kh7 43. Rh8+ Kg7 44. Rxh3 1-0


[Site "https://www.chess.com"]

[Event "Titled Tuesday Blitz May 03 Early 2022"]
[White "Rom, Jasper"]
[Black "Liyanage, Ranindu Dilshan"]
[WhiteFideId "2023733"]
[BlackFideId "9915834"]
[WhiteElo "2233"]
[BlackElo "1858"]
[Result "0-1"]
[Round "01"]
[TimeControl "180+1"]
[Date "2022.05.03"]
[WhiteClock "0:00:05"]
[BlackClock "0:01:27"]

1. e4 e6 2. d4 d5 3. Bd3 c5 4. exd5 exd5 5. Nf3 c4 6. Be2 Nf6 7. O-O Bd6 8. b3 cxb3 9. axb3 O-O 10. h3 Nc6 11. c3 Bf5 12. Bd3 Ne4 13. b4 a6 14. Re1 Qf6 15. Qb3 Rfd8 16. Nbd2 Nxd2 17. Bxd2 Bxd3 18. Bg5 Qg6 19. Bxd8 Rxd8 20. Ne5 Bxe5 21. dxe5 Be4 22. f3 Bxf3 23. Qb2 Be4 24. c4 dxc4 25. Re2 Bd3 26. Rf2 Qe4 27. e6 Qxe6 28. b5 Nd4 29. bxa6 bxa6 30. Qb7 Ne2+ 31. Kh1 Bg6 32. Rxa6 Rd1+ 0-1


[Site "https://www.chess.com"]

[Event "Titled Tuesday Blitz May 03 Early 2022"]
[White "Ronka, Erik"]
[Black "Dubov, Daniil"]
[WhiteFideId "505080"]
[BlackFideId "24126055"]
[WhiteElo "2264"]
[BlackElo "2791"]
[Result "0-1"]
[Round "01"]
[TimeControl "180+1"]
[Date "2022.05.03"]
[WhiteClock "0:00:02"]
[BlackClock "0:00:18"]

1. e4 c6 2. d4 d5 3. Nd2 dxe4 4. Nxe4 Nf6 5. Nxf6+ exf6 6. c3 Bd6 7. Bd3 Nd7 8. Qc2 Nf8 9. Ne2 Qc7 10. Bd2 Be6 11. h3 Ng6 12. g3 O-O 13. h4 Rfe8 14. h5 Nf8 15. Be3 Nd7 16. Bxh7+ Kh8 17. Bf5 Bd5 18. Rg1 b5 19. O-O-O Nb6 20. Nf4 Nc4 21. Nxd5 cxd5 22. Bd2 Re2 23. Rgf1 b4 24. Bd3 Rxd2 25. Rxd2 Nxd2 26. Kxd2 Rc8 27. Rc1 bxc3+ 28. bxc3 Qa5 29. Rb1 Qc7 30. Rb5 Qc6 31. Rb3 a5 32. Rb5 a4 33. Rb1 Bc7 34. c4 Ba5+ 35. Kd1 dxc4 36. Be4 Qd6 37. Ke2 Qxd4 38. Rd1 Qb6 39. Kf1 c3 40. h6 g6 41. Rd7 Qb5+ 42. Rd3 f5 43. Bf3 Qb2 44. Qe2 Qxe2+ 45. Kxe2 c2 0-1


[Site "https://www.chess.com"]

[Event "Titled Tuesday Blitz May 03 Early 2022"]
[White "Rosen, Eric"]
[Black "Silvestre, Christian"]
[WhiteFideId "2032562"]
[BlackFideId "30956269"]
[WhiteElo "2362"]
[BlackElo "2350"]
[Result "0-1"]
[Round "01"]
[TimeControl "180+1"]
[Date "2022.05.03"]
[WhiteClock "0:00:02"]
[BlackClock "0:00:12"]

1. d4 Nf6 2. Bf4 g6 3. Nc3 Bg7 4. e4 d6 5. Qd2 h6 6. O-O-O g5 7. Be3 Ng4 8. Bc4 Nxe3 9. fxe3 e6 10. h4 Qe7 11. Nf3 g4 12. Nh2 h5 13. Nf1 Nd7 14. Ng3 Nb6 15. Bd3 Bd7 16. Rdf1 O-O-O 17. b3 Rdf8 18. a4 Bf6 19. a5 Na8 20. Nb5 Bxb5 21. Bxb5 c6 22. Qc3 Nc7 23. Bd3 a6 24. e5 Bxh4 25. Ne4 dxe5 26. dxe5 Nd5 27. Qd4 Bg5 28. Re1 Qa3+ 29. Kb1 Be7 30. Qa1 Qxa1+ 31. Kxa1 Bb4 32. Ref1 Bxa5 33. Nd6+ Kc7 34. e4 Bc3+ 35. Kb1 Bxe5 36. Nxf7 Nc3+ 37. Kc1 Na2+ 38. Kd2 Bc3+ 39. Ke3 Rh7 40. Ng5 Rxf1 41. Rxf1 Re7 42. Bc4 e5 43. Ne6+ Kb6 44. Rh1 Rh7 45. Ng5 Bd4+ 46. Kd3 Rh6 47. Nf7 Rf6 48. b4 Nxb4+ 49. Kd2 Rf2+ 50. Kc1 Rxc2+ 51. Kd1 Rxc4 52. Rxh5 Rc2 53. g3 Rg2 54. Nd8 Rg1+ 55. Ke2 Rg2+ 56. Kf1 Rf2+ 57. Ke1 Nd3+ 58. Kd1 Be3 59. Rh2 Rxh2 60. Nxc6 Rd2# 0-1


[Site "https://www.chess.com"]

[Event "Titled Tuesday Blitz May 03 Early 2022"]
[White "Samadov, Read"]
[Black "Skuhala, Barbara"]
[WhiteFideId "13417444"]
[BlackFideId "14605465"]
[WhiteElo "2084"]
[BlackElo "2155"]
[Result "1-0"]
[Round "01"]
[TimeControl "180+1"]
[Date "2022.05.03"]
[WhiteClock "0:01:32"]
[BlackClock "0:02:00"]

1. d4 Nf6 2. c4 e6 3. Nf3 d5 4. g3 Be7 5. Bg2 O-O 6. O-O Nbd7 7. Nc3 c6 8. Nd2 b6 9. e4 Bb7 10. b3 Rc8 11. Bb2 c5 12. exd5 cxd4 13. Nb5 exd5 14. Nxa7 Ra8 15. Nb5 Bc6 16. Nxd4 Bb7 17. Nf5 Re8 18. cxd5 Bxd5 19. Bxd5 Nxd5 20. Nxg7 Rf8 21. Nf5 Bf6 22. Bxf6 Qxf6 23. Qg4+ Kh8 24. Ne4 Qg6 25. Qxg6 fxg6 26. Nd4 Ne5 27. f4 Ng4 28. Rfe1 Rfd8 29. Nc6 Rdc8 30. Ne5 Nxe5 31. fxe5 Rc2 32. Rad1 Ne7 33. a4 Rac8 34. Rd7 Nf5 35. Nf6 Ng7 36. Red1 Rc1 37. Rxc1 Rxc1+ 38. Kg2 Rc8 39. e6 1-0


[Site "https://www.chess.com"]

[Event "Titled Tuesday Blitz May 03 Early 2022"]
[White "Samarth, J Rao"]
[Black "Terzi, Alexei"]
[WhiteFideId "46652370"]
[BlackFideId "13505076"]
[WhiteElo "1514"]
[BlackElo "2031"]
[Result "1-0"]
[Round "01"]
[TimeControl "180+1"]
[Date "2022.05.03"]
[WhiteClock "0:00:43"]
[BlackClock "0:00:17"]

1. d4 Nf6 2. c4 c5 3. d5 b5 4. a4 bxc4 5. Nc3 g6 6. e4 d6 7. Bxc4 Bg7 8. f4 O-O 9. Nf3 Ba6 10. Bxa6 Nxa6 11. O-O Nb4 12. Qe2 Qc7 13. Rd1 Qb7 14. h3 Rfe8 15. Be3 Rab8 16. Rac1 Qa6 17. Qxa6 Nxa6 18. Rd2 Rb4 19. e5 Ne4 20. Nxe4 Rxe4 21. Kf2 Rxa4 22. Rc3 Rb8 23. Re2 Nc7 24. Rd3 Rab4 25. Bc1 a5 26. exd6 exd6 27. Re7 Bxb2 28. Bd2 R4b7 29. Bxa5 Nb5 30. Rxb7 Rxb7 31. Rb3 Bf6 32. Nd2 Kf8 33. Nc4 Ke7 34. Na3 Bd4+ 35. Kf3 Nxa3 36. Rxb7+ Kf6 37. Bd8+ Kg7 38. Be7 Nc4 39. Rd7 Nd2+ 40. Ke2 Nb3 41. Bxd6 c4 42. Be5+ Bxe5 43. fxe5 c3 44. Rc7 c2 45. Rxc2 Nd4+ 46. Kd3 Nxc2 47. Kxc2 Kf8 48. Kd3 Ke8 49. Kd4 Kd7 50. Kc5 h6 51. g4 g5 52. d6 Kd8 53. Kc6 Kc8 54. d7+ Kd8 55. Kd6 f6 56. e6 f5 57. e7# 1-0


[Site "https://www.chess.com"]

[Event "Titled Tuesday Blitz May 03 Early 2022"]
[White "Schut, Han"]
[Black "Osmak, Yuliia"]
[WhiteFideId "1005561"]
[BlackFideId "14101602"]
[WhiteElo "2057"]
[BlackElo "2302"]
[Result "0-1"]
[Round "01"]
[TimeControl "180+1"]
[Date "2022.05.03"]
[WhiteClock "0:00:04"]
[BlackClock "0:00:33"]

1. e4 Nc6 2. Nf3 d6 3. d4 Nf6 4. Nc3 Bg4 5. Be2 e5 6. d5 Ne7 7. h3 Bd7 8. Be3 Ng6 9. Qd3 Be7 10. Nb5 a6 11. Na3 O-O 12. c4 c5 13. dxc6 Bxc6 14. Nd2 Qa5 15. O-O b5 16. Nc2 Qc7 17. f3 bxc4 18. Nxc4 d5 19. exd5 Nxd5 20. Kh1 Ngf4 21. Qd2 Nxe3 22. N2xe3 Rad8 23. Qe1 Bc5 24. Rc1 Qa7 25. Nc2 Bb5 26. b3 Nxe2 27. Qxe2 Rfe8 28. Rfe1 f6 29. Red1 Qe7 30. Rxd8 Rxd8 31. Rd1 h6 32. Rxd8+ Qxd8 33. Qd2 Qxd2 34. Nxd2 Kf7 35. Ne4 Be7 36. Ne3 Ke6 37. Ng3 g6 38. Ngf1 f5 39. g4 f4 40. Nc2 Bxf1 0-1


[Site "https://www.chess.com"]

[Event "Titled Tuesday Blitz May 03 Early 2022"]
[White "Sebag, Marie"]
[Black "Gabrielian, Artur"]
[WhiteFideId "617822"]
[BlackFideId "4131002"]
[WhiteElo "2440"]
[BlackElo "2440"]
[Result "0-1"]
[Round "01"]
[TimeControl "180+1"]
[Date "2022.05.03"]
[WhiteClock "0:00:20"]
[BlackClock "0:00:31"]

1. e4 e5 2. Nf3 Nc6 3. Bb5 a6 4. Ba4 d6 5. O-O Bd7 6. c3 g6 7. d4 Bg7 8. Re1 h6 9. h3 Nf6 10. Nbd2 O-O 11. Nf1 Nh7 12. Ng3 Kh8 13. Bb3 Qe8 14. Be3 f5 15. exf5 gxf5 16. Bd2 e4 17. Nh4 Ne7 18. Nh5 d5 19. Nxg7 Kxg7 20. Bf4 c6 21. Qd2 Qh5 22. g3 Ng5 23. Bd1 Nxh3+ 24. Kh2 Nxf4 25. Bxh5 Nxh5 26. f4 Nf6 27. Ng2 Ng4+ 28. Kg1 Ng8 29. Ne3 N8f6 30. Nxg4 Nxg4 31. Rac1 Be6 32. b3 h5 33. c4 a5 34. cxd5 Bxd5 35. Rc5 Rh8 36. Rxa5 Raf8 37. Qb4 Rf7 38. Ra7 h4 39. gxh4 Rxh4 40. Rxb7 e3 41. Rxf7+ Kxf7 42. Rxe3 Rh1# 0-1


[Site "https://www.chess.com"]

[Event "Titled Tuesday Blitz May 03 Early 2022"]
[White "Shohat, Yotam"]
[Black "Stribuk, Artiom"]
[WhiteFideId "2813955"]
[BlackFideId "13515659"]
[WhiteElo "2471"]
[BlackElo "2815"]
[Result "0-1"]
[Round "01"]
[TimeControl "180+1"]
[Date "2022.05.03"]
[WhiteClock "0:00:02"]
[BlackClock "0:00:20"]

1. e4 c5 2. Nf3 Nc6 3. d4 cxd4 4. Nxd4 Nf6 5. Nc3 e5 6. Ndb5 d6 7. Bg5 a6 8. Bxf6 gxf6 9. Na3 b5 10. Nd5 Bg7 11. c3 f5 12. exf5 Bxf5 13. Nc2 O-O 14. Nce3 Be6 15. g4 Qh4 16. Qf3 Rac8 17. Bd3 Kh8 18. Be4 f5 19. gxf5 Ne7 20. Qg3 Qxe4 21. Rg1 Nxf5 22. Qg5 Bh6 23. Qh5 Bxd5 24. O-O-O Nxe3 25. fxe3 Bxe3+ 0-1


[Site "https://www.chess.com"]

[Event "Titled Tuesday Blitz May 03 Early 2022"]
[White "Shuvalov, Evgenij"]
[Black "Le, Tuan Minh"]
[WhiteFideId "4187237"]
[BlackFideId "12401153"]
[WhiteElo "2130"]
[BlackElo "2450"]
[Result "0-1"]
[Round "01"]
[TimeControl "180+1"]
[Date "2022.05.03"]
[WhiteClock "0:00:01"]
[BlackClock "0:00:04"]

1. Nf3 d5 2. c4 c6 3. g3 Bf5 4. cxd5 cxd5 5. Qb3 Qc7 6. Nc3 e6 7. d3 Nc6 8. Bf4 Qb6 9. Qxb6 axb6 10. Bg2 Nf6 11. Nb5 Bb4+ 12. Bd2 Ke7 13. a3 Rhc8 14. Nfd4 Bxd2+ 15. Kxd2 Bg6 16. f4 Nd7 17. b4 f6 18. Bh3 Bf7 19. e4 dxe4 20. dxe4 g6 21. Rhd1 Nxd4 22. Nxd4 e5 23. Nb5 Bc4 24. Nc3 Be6 25. Bxe6 Kxe6 26. Nb5 exf4 27. gxf4 g5 28. Ke3 gxf4+ 29. Kxf4 Ke7 30. Nd6 Rc7 31. Nf5+ Kf7 32. Rg1 Kf8 33. Rg7 Rac8 34. Rag1 Ne5 35. Rg8+ Kf7 36. Nd6+ Ke6 37. Nxc8 Rc3 38. R8g3 Rxc8 39. Rh3 Rc2 40. Rxh7 Rc3 41. Rg3 Rc2 42. Rb3 Rf2+ 43. Kg3 Ra2 44. h4 Nf7 45. Rg7 Nd6 46. Kf4 Ra1 47. Rf3 Rh1 48. Kg4 Rg1+ 49. Kh5 Rxg7 0-1


[Site "https://www.chess.com"]

[Event "Titled Tuesday Blitz May 03 Early 2022"]
[White "Shyaamnikhil P"]
[Black "Buscar, Michael"]
[WhiteFideId "5024218"]
[BlackFideId "2603616"]
[WhiteElo "2329"]
[BlackElo "2010"]
[Result "1-0"]
[Round "01"]
[TimeControl "180+1"]
[Date "2022.05.03"]
[WhiteClock "0:00:16"]
[BlackClock "0:00:06"]

1. e4 c5 2. Nf3 Nc6 3. d4 cxd4 4. Nxd4 Nf6 5. Nc3 e5 6. Ndb5 h6 7. Nd5 Nxd5 8. exd5 a6 9. Nc3 Nb8 10. d6 Qb6 11. Bc4 Qxd6 12. Qf3 Qg6 13. Nd5 Kd8 14. Be3 Bd6 15. Bb6+ Ke8 16. O-O-O Nc6 17. Rhe1 h5 18. Kb1 Qg4 19. Qb3 Rh6 20. h3 Qh4 21. Ne3 Qf4 22. g4 hxg4 23. hxg4 Kf8 24. Nf5 Nd4 25. Bxd4 exd4 26. Nxh6 gxh6 27. Rd3 b5 28. Bd5 Rb8 29. Rf3 Qxg4 30. Rxf7+ Kg8 31. Re8+ 1-0


[Site "https://www.chess.com"]

[Event "Titled Tuesday Blitz May 03 Early 2022"]
[White "Soucek, Petr"]
[Black "Skliarov, Viktor"]
[WhiteFideId "23715170"]
[BlackFideId "14106736"]
[WhiteElo "1979"]
[BlackElo "2229"]
[Result "0-1"]
[Round "01"]
[TimeControl "180+1"]
[Date "2022.05.03"]
[WhiteClock "0:00:12"]
[BlackClock "0:00:18"]

1. e4 c5 2. Nf3 Nc6 3. Bb5 e6 4. Bxc6 bxc6 5. O-O Ne7 6. d3 Ng6 7. Nbd2 e5 8. Nc4 d6 9. a4 Be7 10. Re1 O-O 11. Ne3 f5 12. exf5 Bxf5 13. Nxf5 Rxf5 14. Nd2 Qd7 15. Ne4 Raf8 16. Be3 Nf4 17. Ng3 Rg5 18. Kh1 h5 19. f3 h4 20. Bxf4 Rxf4 21. Ne4 Rg6 22. h3 Qf5 23. c3 d5 24. Nf2 c4 25. dxc4 Rxc4 26. Ng4 Bd6 27. a5 Qf4 28. Qc1 Qg3 29. Qe3 a6 30. Qf2 Rgxg4 31. Qxg3 Rxg3 32. Re3 Kf7 33. b3 Rc5 34. b4 Rc4 35. b5 cxb5 36. Rd1 Ke6 37. Red3 Rc5 38. Kh2 e4 39. fxe4 Rxd3+ 0-1


[Site "https://www.chess.com"]

[Event "Titled Tuesday Blitz May 03 Early 2022"]
[White "Stevens, Christian"]
[Black "Jumabayev, Rinat"]
[WhiteFideId "2604450"]
[BlackFideId "13702661"]
[WhiteElo "2497"]
[BlackElo "2561"]
[Result "0-1"]
[Round "01"]
[TimeControl "180+1"]
[Date "2022.05.03"]
[WhiteClock "0:00:01"]
[BlackClock "0:00:19"]

1. e4 c5 2. Nf3 d6 3. d4 cxd4 4. Nxd4 Nf6 5. f3 e5 6. Nb3 Be6 7. c4 a5 8. Be3 a4 9. N3d2 Be7 10. Be2 O-O 11. O-O Qa5 12. Na3 Bd8 13. Ndb1 Bb6 14. Bf2 Bxf2+ 15. Rxf2 Rd8 16. Nc3 Nc6 17. Bf1 Nd7 18. Qd2 Nc5 19. Kh1 Qb6 20. Qe3 Na5 21. Rc1 Qb4 22. Nd5 Bxd5 23. cxd5 Rf8 24. Rfc2 Rad8 25. Qd2 Qxd2 26. Rxd2 f5 27. exf5 Rxf5 28. Bb5 Rf4 29. Kg1 Kf7 30. Nc4 Nxc4 31. Rxc4 Rxc4 32. Bxc4 Ra8 33. Rc2 Ra5 34. Kf2 Kf6 35. Ke3 b5 36. Be2 b4 37. Rc4 Rb5 38. Rh4 Rb8 39. Rxh7 a3 40. b3 Nxb3 41. Bd3 Nc5 42. Bc2 b3 0-1


[Site "https://www.chess.com"]

[Event "Titled Tuesday Blitz May 03 Early 2022"]
[White "Suarez Uriel, Adrian"]
[Black "Srihari L R"]
[WhiteFideId "22230874"]
[BlackFideId "46617116"]
[WhiteElo "2316"]
[BlackElo "2121"]
[Result "1-0"]
[Round "01"]
[TimeControl "180+1"]
[Date "2022.05.03"]
[WhiteClock "0:00:18"]
[BlackClock "0:00:08"]

1. e4 c5 2. Ne2 Nc6 3. d4 cxd4 4. Nxd4 Nf6 5. Nc3 d6 6. Bg5 e6 7. Qd2 Be7 8. O-O-O a6 9. f4 Qc7 10. Nxc6 bxc6 11. Qe1 h6 12. Bh4 Bd7 13. e5 dxe5 14. fxe5 Nd5 15. Bxe7 Kxe7 16. Nxd5+ cxd5 17. Qb4+ Ke8 18. Qd4 Rc8 19. Bd3 a5 20. Rhf1 Ke7 21. Qh4+ g5 22. Qf2 Rcf8 23. Qf6+ Ke8 24. Kb1 Qd8 25. Qf2 Qc7 26. c4 dxc4 27. Rc1 Qxe5 28. Bxc4 Ke7 29. Rfe1 Qd6 30. Rcd1 Qb4 31. Qd4 Rd8 32. a3 Qb8 33. Qc5+ Ke8 34. Qxa5 Bc6 35. Rxd8+ Qxd8 36. Qc5 Bd7 37. Rd1 Qe7 38. Qd4 e5 39. Qd5 Bf5+ 40. Ka1 Kf8 41. Rf1 Bg6 42. Re1 Kg7 43. Rxe5 Qf6 44. Re1 Rd8 45. Qa5 Rc8 46. Rf1 Qd4 47. Bb3 Rb8 48. Qa4 Qd3 49. Bc4 Qd4 50. Bb5 Qb6 51. h4 Qxb5 52. Qxb5 Rxb5 53. hxg5 hxg5 54. b4 Be4 55. Rf2 Rd5 56. Kb2 Rd1 57. a4 Rb1+ 58. Kc3 f5 59. a5 g4 60. a6 Ra1 61. b5 g3 62. Rd2 f4 63. Rd4 f3 64. Rxe4 f2 65. Rf4 Kg6 66. Kb4 Kg5 67. Rf8 Rb1+ 68. Kc5 Rc1+ 69. Kb6 f1=Q 70. Rxf1 Rxf1 71. a7 Ra1 72. Kb7 Kf4 73. b6 Ke3 74. Kb8 Kf2 75. a8=Q Rxa8+ 76. Kxa8 Kxg2 77. b7 Kf2 78. b8=Q g2 79. Qf4+ Kg1 80. Kb7 Kh1 81. Qh4+ Kg1 82. Kc6 Kf1 83. Qf4+ Ke2 84. Qg3 Kf1 85. Qf3+ Kg1 86. Kd5 Kh2 87. Qh5+ Kg3 88. Qg5+ Kf2 89. Qf4+ Ke2 90. Qg3 Kf1 91. Ke4 Kg1 92. Kf3 Kf1 93. Qxg2+ Ke1 94. Qe2# 1-0


[Site "https://www.chess.com"]

[Event "Titled Tuesday Blitz May 03 Early 2022"]
[White "Taboas Rodriguez, Daniel"]
[Black "Bongo Akanga Ndjila, Barthelemy"]
[WhiteFideId "2208466"]
[BlackFideId "10609431"]
[WhiteElo "2429"]
[BlackElo "1768"]
[Result "1-0"]
[Round "01"]
[TimeControl "180+1"]
[Date "2022.05.03"]
[WhiteClock "0:00:27"]
[BlackClock "0:00:01"]

1. d4 d5 2. c4 e6 3. Nf3 Nf6 4. Nc3 Be7 5. Bg5 O-O 6. e3 Nbd7 7. Rc1 b6 8. Bd3 Bb7 9. O-O Ne4 10. Bf4 Ndf6 11. cxd5 exd5 12. Ne5 c5 13. dxc5 Bxc5 14. Qa4 d4 15. Nxe4 Bxe4 16. Bxe4 Nxe4 17. Rfd1 Qh4 18. Bg3 Nxg3 19. hxg3 Qe4 20. exd4 Rfe8 21. Nf3 Be7 22. Re1 Qd3 23. Ne5 Qf5 24. Qc2 Qe6 25. Nc6 Qd6 26. Nxe7+ Rxe7 27. Rxe7 Qxe7 28. Qc8+ Qe8 29. Qxe8+ Rxe8 30. Kf1 Rd8 31. Rd1 g6 32. Ke2 Rd5 33. Kd3 f5 34. Rc1 Rb5 35. b3 Rd5 36. Rc7 a6 37. Rb7 Ra5 38. a4 b5 39. axb5 axb5 40. Kc3 Ra2 41. d5 Rxf2 42. d6 Rf1 43. Rb8+ 1-0


[Site "https://www.chess.com"]

[Event "Titled Tuesday Blitz May 03 Early 2022"]
[White "Tan, Jun Ying"]
[Black "Sailer, Mike"]
[WhiteFideId "5710413"]
[BlackFideId "2012901"]
[WhiteElo "1827"]
[BlackElo "2109"]
[Result "1-0"]
[Round "01"]
[TimeControl "180+1"]
[Date "2022.05.03"]
[WhiteClock "0:02:08"]
[BlackClock "0:01:19"]

1. d4 d5 2. c4 Bf5 3. cxd5 Bxb1 4. Qa4+ Qd7 5. Qxd7+ Nxd7 6. Rxb1 Ngf6 7. Nf3 Nb6 8. e3 Nbxd5 9. a3 e6 10. Bd3 Be7 11. Ke2 O-O 12. Bd2 c5 13. dxc5 Bxc5 14. Rhc1 Rac8 15. Rc2 Rc7 16. b4 Bd6 17. Rxc7 Bxc7 18. Rc1 Bd6 19. g3 Nb6 20. Nd4 a6 21. Nb3 Rc8 22. Nc5 Bxc5 23. bxc5 Nbd7 24. c6 bxc6 25. Bxa6 c5 26. Bxc8 1-0


[Site "https://www.chess.com"]

[Event "Titled Tuesday Blitz May 03 Early 2022"]
[White "Tanenbaum, Zachary"]
[Black "Bintang, Rasyid A. Hidayat"]
[WhiteFideId "2060850"]
[BlackFideId "7105355"]
[WhiteElo "2168"]
[BlackElo "2412"]
[Result "1-0"]
[Round "01"]
[TimeControl "180+1"]
[Date "2022.05.03"]
[WhiteClock "0:01:51"]
[BlackClock "0:00:32"]

1. e4 d5 2. exd5 Nf6 3. Bb5+ Bd7 4. Be2 Nxd5 5. d4 Nc6 6. c4 Nb6 7. Nf3 Bg4 8. d5 Bxf3 9. Bxf3 Ne5 10. b3 g6 11. Bb2 Bg7 12. Nc3 Nxf3+ 13. Qxf3 O-O 14. O-O a5 15. Rfe1 a4 16. Rad1 Qd7 17. c5 a3 18. Ba1 Nc8 19. c6 bxc6 20. dxc6 Qe8 21. Nb5 Bxa1 22. Nxc7 Bb2 23. Nxe8 Rxe8 24. c7 Nd6 25. Rxe7 1-0


[Site "https://www.chess.com"]